 Dungeon Crawl Stone Soup version 0.29.1-12-g30fa7ad0bf (webtiles) character file.

Game seed: 7399007123362244621

45 xian the Sneak (level 3, 0/17 HPs)
             Began as a Vine Stalker Enchanter on Dec 28, 2022.
             Slain by an orc
             ... wielding a +0 mace
              (1 damage)
             ... on level 3 of the Dungeon.
             The game lasted 00:04:35 (1837 turns).

xian the Sneak (Vine Stalker Enchanter)             Turns: 1837, Time: 00:04:36

Health: 0/17       AC:  4    Str: 18    XL:     3   Next: 64%
Magic:  0/7        EV: 27    Int: 15    God:
Gold:   41         SH:  0    Dex: 14    Spells: 4/6 levels left

rFire   . . .      SeeInvis .   a - +1 dagger
rCold   . . .      Faith    .   (no shield)
rNeg    . . .      Spirit   +   h - +1 leather armour
rPois   .          Reflect  .   (no helmet)
rElec   .          Harm     .   (no cloak)
rCorr   .          Rampage  .   (no gloves)
Will    .....                   (no boots)
Stlth   ++........              m - amulet of the acrobat
HPRegen 0.05/turn               f - +6 ring of strength
MPRegen 0.10/turn               (no ring)

@: acrobatic
A: fangs 2, magic shield, antimagic bite, no potion heal 2
a: no special abilities


You were on level 3 of the Dungeon.
You visited 1 branch of the dungeon, and saw 3 of its levels.

You collected 41 gold pieces.

Inventory:

Hand Weapons
 a - a +1 dagger (weapon)
Missiles
 k - 14 stones (quivered)
Armour
 b - a +0 ring mail
 g - a +0 chain mail
 h - a +1 leather armour (worn)
Jewellery
 f - a +6 ring of strength (left hand)
 m - an amulet of the acrobat (around neck)
Scrolls
 d - 2 scrolls of poison {unknown}
 e - a scroll of enchant armour
 j - 2 scrolls of immolation {unknown}
 n - a scroll of vulnerability {unknown}
Potions
 c - 2 potions of invisibility
 i - 2 potions of flight {unknown}
 l - a potion of magic {unknown}


   Skills:
 + Level 0.3 Fighting
 + Level 1.3 Short Blades
 + Level 0.5 Armour
 + Level 1.8 Dodging
 + Level 4.3 Stealth
 + Level 2.3 Spellcasting
 + Level 3.4 Hexes


You had 4 spell levels left.
You knew the following spells:

 Your Spells              Type           Power      Damage    Failure   Level
a - Ensorcelled Hibernat  Hex/Ice        12%        N/A       19%         2

Your spell library contained the following spells:

 Spells                   Type           Power      Damage    Failure   Level
 Confusing Touch          Hex            11%        N/A       19%         3
 Tukima's Dance           Hex            11%        N/A       19%         3
 Dazzling Flash           Conj/Hex       12%        N/A       36%         3


Dungeon Overview and Level Annotations

Branches:
Dungeon (3/15)

Altars:

Shops:
D:1 ?   D:2 [


Innate Abilities, Weirdness & Mutations

You have extremely sharp teeth.
When hurt, damage is shared between your health and your magic reserves.
Your bite disrupts and absorbs the magic of your enemies.
Potions cannot restore your health.


Message History

You hit the orc.
The orc is lightly wounded.
The bat closely misses you.
You hit the orc but do no damage. Your bite misses the orc.
The orc is lightly wounded.
The bat barely misses you. The orc hits you with a +0 mace.
You hit the orc.
The orc is moderately wounded.
The bat barely misses you. The orc hits you but does no damage.
You hit the orc.
The orc is moderately wounded.
The bat barely misses you. The orc hits you but does no damage.
You hit the orc but do no damage. Your bite misses the orc.
The orc is moderately wounded.
The bat barely misses you. The orc hits you with a +0 mace.
You hit the orc but do no damage.
The orc is moderately wounded.
The bat barely misses you. The orc hits you with a +0 mace.
You hit the orc but do no damage. Your bite misses the orc.
The orc is moderately wounded.
The bat barely misses you. The bat hits you but does no damage.
The orc hits you with a +0 mace.
You barely miss the orc.
The orc is moderately wounded.
The bat hits you but does no damage. The bat closely misses you.
The orc hits you with a +0 mace.
* * * LOW HITPOINT WARNING * * *
You closely miss the orc.
The orc is moderately wounded.
The orc hits you with a +0 mace.
* * * LOW HITPOINT WARNING * * *
The orc attacks as you move away! The orc closely misses you.
The bat completely misses you. The bat completely misses you.
The bat completely misses you. The orc attacks as you move away!
The orc closely misses you. The bat hits you but does no damage.
The bat attacks as you move away! The bat completely misses you.
The orc attacks as you move away! The orc hits you with a +0 mace.
You die...

#.### #...# ###.# #.#
### ## #.# #.. ...
#.# #.# ... #.# #.###
..
#.#########.#.#.#.#.#
#........@o..........
########..b..........
#.###...#..### #.#
...## .# #.#...... ..
........## ##
#.##..... #.#####..#


You could see an orc and a bat.

Vanquished Creatures
  A worm (D:2)
  3 dart slugs (D:2)
  6 endoplasms
  3 giant cockroaches
  4 goblins (D:1)
  3 hobgoblins
  4 ball pythons
  2 bats
  A frilled lizard (D:1)
  3 kobolds
  4 rats
34 creatures vanquished.

Notes
Turn   | Place    | Note
-------+----------+-------------------------------------------
     0 | D:1      | xian the Vine Stalker Enchanter began the quest for the
                  | Orb.
     0 | D:1      | Reached XP level 1. HP: 9/9 MP: 4/4
    31 | D:1      | Found Ebej's Magic Scroll Boutique.
   227 | D:1      | Reached XP level 2. HP: 12/13 MP: 6/6
   235 | D:1      | Learned a level 2 spell: Ensorcelled Hibernation
   351 | D:1      | Reached skill level 1 in Short Blades
   827 | D:1      | Found a faded altar of an unknown god.
   899 | D:2      | Reached XP level 3. HP: 17/17 MP: 5/7
   974 | D:2      | Reached skill level 4 in Stealth
  1246 | D:2      | Found Jenunodu's Antique Armour Emporium.
  1837 | D:3      | Slain by an orc

Illustrated notes

Levels and vault maps discovered:
D:1:      sevenhm_arrival_forest_fort_small_4, layout_loops_ring,
          nicolae_ecumenical_lake_church, serial_shops, nicolae_shop_stone
D:2:      layout_loops_cross, serial_shops, nicolae_shop_advertising_works
          [nicolae_subvault_shop_adworks], hex_medium, hex_large
D:3:      layout_loops_ring, minmay_misc_feat_square

Skill      XL: |  1  2  3 |
---------------+----------+-----
Short Blades   | 1 |  1.3
Stealth        | 4 |  4.3
Fighting       | |  0.3
Armour         | |  0.5
Dodging        | |  1.8
Spellcasting   | |  2.3
Hexes          | |  3.4

Action                   || total
-------------------------++-------
Melee: Dagger            ||    97
       Bite              ||    21
       Punch             ||     1
  Use: Scroll            ||     1
 Stab: Sleeping          ||    10
Armor: Leather armour    ||    29
Dodge: Dodged            ||    57
